 Dungeon Crawl Stone Soup version 0.20-a0-303-g575bbf7 (webtiles) character file.

504 Gorice the Bolt Thrower (level 7, 0/38 HPs)
             Began as a Kobold Arcane Marksman on Dec 17, 2016.
             Slain by an ufetubus (3 damage)
             ... summoned by Eustachio
             ... on level 5 of the Dungeon.
             The game lasted 00:27:23 (5432 turns).

Gorice the Bolt Thrower (Kobold Arcane Marksman)    Turns: 5432, Time: 00:27:25

Health: 0/38       AC:  3    Str: 10      XL:     7   Next: 41%
Magic:  4/8        EV: 15    Int: 14      God:
Gold:   283        SH:  0    Dex: 13 (15) Spells: 1/8 levels left

rFire  . . .     SeeInvis .     a - +2 dagger (elec)
rCold  . . .     Gourm    .     e - +0 robe
rNeg   . . .     Faith    .     (shield restricted)
rPois  +         Spirit   .     (no helmet)
rElec  .         Reflect  .     r - +0 cloak
rCorr  .         Harm     .     (no gloves)
MR     .....                    (no boots)
Stlth  +.........               u - amulet of magic regeneration
                                C - ring of wizardry
                                l - ring of poison resistance

@: no status effects
A: carnivore 3
a: no special abilities


You were on level 5 of the Dungeon.
You were completely stuffed.

You visited 1 branch of the dungeon, and saw 5 of its levels.

You collected 283 gold pieces.

Inventory:

Hand Weapons
 a - a +2 dagger of electrocution (weapon)
   (You took it off a goblin on level 1 of the Dungeon)
 b - a +0 hand crossbow
 B - a +0 blowgun
Missiles
 d - 27 bolts
 m - 23 poisoned needles
 Z - 88 stones (quivered)
Armour
 e - a +0 robe (worn)
 q - a +0 ring mail
 r - a +0 cloak (worn)
 x - the +0 pair of gloves "Ataal" {rElec rF+ Int-5}
   (You found it on level 4 of the Dungeon)

   It affects your intelligence (-5).
   It protects you from fire.
   It insulates you from electricity.
Jewellery
 i - an uncursed amulet of rage
 l - a ring of poison resistance (left hand)
 u - an amulet of magic regeneration (around neck)
 C - a ring of wizardry (right hand)
Wands
 z - a wand of iceblast (9/15)
Scrolls
 h - 2 scrolls of immolation {!r}
 n - 3 scrolls of teleportation {!r}
 w - 2 scrolls of amnesia
 y - 3 scrolls of remove curse
 A - a scroll of recharging
Potions
 g - a potion of heal wounds {!q}
 k - 2 potions of curing
 o - 2 potions of might {!q}
 s - 3 potions of brilliance {!q}
 v - a potion of haste {unknown}
 D - a potion of cancellation {unknown}
Books
 c - a book of Debilitation
Comestibles
 f - 2 meat rations {!e}
 p - a slice of pizza
 t - a beef jerky


   Skills:
 - Level 1.3 Fighting
 + Level 3.7 Short Blades
 * Level 6.0 Crossbows
 - Level 2.4 Dodging
 - Level 1.1 Spellcasting
 * Level 5.5 Hexes


You had one spell level left.
You knew the following spells:

 Your Spells              Type           Power        Failure   Level  Hunger
a - Corona                Hex            ###....      1%          1    ##.....
b - Slow                  Hex            ###.....     1%          2    ###....
f - Cause Fear            Hex            ###.......   12%         4    #####..


Dungeon Overview and Level Annotations

Branches:
Dungeon (5/15)
 Temple: D:4-7

Altars:
Cheibriados

Annotations:
D:5 Eustachio


Innate Abilities, Weirdness & Mutations

You are small and have problems with some larger weapons.
You are carnivorous and can eat meat at any time.


Message History

The ufetubus barely misses you. The ufetubus hits you.
* * * LOW HITPOINT WARNING * * *
The ufetubus closely misses you. The ufetubus hits you.
* * * LOW HITPOINT WARNING * * *
The quasit misses you. x2; The quasit closely misses you.
The ufetubus closely misses you. The ufetubus barely misses you.
The ufetubus completely misses you. The ufetubus closely misses you.
The quasit bites you but does no damage.
The quasit closely misses you. The quasit claws you.
* * * LOW HITPOINT WARNING * * *
You feel clumsy. Eustachio barely misses you.
Damage: 6 (max 10) Unknown command.
You hear the crackle of electricity.
a - a +2 dagger of electrocution (weapon)
The ufetubus closely misses you. The ufetubus barely misses you.
The ufetubus hits you.
* * * LOW HITPOINT WARNING * * *
The ufetubus barely misses you. The quasit closely misses you.
The quasit barely misses you. The quasit completely misses you.
Damage: 2 (max 10)
You barely miss Eustachio.
Eustachio is almost dead.
Eustachio is no longer moving slowly.
Eustachio stops glowing.
The quasit disappears in a puff of smoke!
The ufetubus misses you.
The ufetubus hits you but does no damage.
The ufetubus hits you.
* * * LOW HITPOINT WARNING * * *
The ufetubus hits you but does no damage.
Damage: 1 (max 10)
You miss Eustachio.
Eustachio is almost dead.
The ufetubus hits you but does no damage.
The ufetubus closely misses you. The ufetubus misses you.
The ufetubus barely misses you.
Eustachio mumbles some strange words.
Unknown command.
You miss Eustachio.
Eustachio is almost dead.
The ufetubus hits you.
* * * LOW HITPOINT WARNING * * *
The ufetubus barely misses you. The ufetubus misses you. The ufetubus hits you.
* * * LOW HITPOINT WARNING * * *
Eustachio casts a spell.
Eustachio blinks!
The ufetubus hits you.
* * * LOW HITPOINT WARNING * * *
The ufetubus hits you.
You die...

##...## ##.....##
##.......##
#.@....(..#
+.55......+
#..(((....#
#5ยง5....# .#
#@5...# ###.#
##...######....###
#................
#..######...#.#.#
#...........#.#.#
#..##.......#.#.#
#...#.##....#.#.#
.......##....#.#.#
...................


You could see Eustachio, a quasit, a shadow imp and 3 ufetubi.

Vanquished Creatures
  A scorpion (D:5)
  4 orc priests
  An iguana (D:4)
  An orc wizard (D:3)
  A hound zombie (D:4)
  A hound skeleton (D:4)
  7 gnolls
  6 adders
  A river rat (D:3)
  A shadow imp (D:5)
  An ooze (D:4)
  3 worms
  2 dart slugs
  3 leopard geckos
  18 orcs
  4 bats
  5 giant cockroaches
  9 hobgoblins
  A quokka (D:5)
  2 ball pythons (D:3)
  3 frilled lizards
  8 goblins
  8 kobolds
  A quokka skeleton (D:4)
  12 rats
104 creatures vanquished.

Notes
Turn   | Place    | Note
-------+----------+-------------------------------------------
     0 | D:1      | Gorice the Kobold Arcane Marksman began the quest for the Orb.
     0 | D:1      | Reached XP level 1. HP: 12/12 MP: 2/2
   115 | D:1      | Reached XP level 2. HP: 16/16 MP: 1/3
   306 | D:1      | Learned a level 2 spell: Slow
   840 | D:2      | Reached XP level 3. HP: 20/20 MP: 0/4
  1026 | D:2      | Reached skill level 1 in Short Blades
  1033 | D:2      | Reached skill level 3 in Crossbows
  2082 | D:3      | Reached XP level 4. HP: 20/25 MP: 1/5
  2274 | D:3      | HP: 5/25 [orc/hand axe (4)]
  2549 | D:3      | HP: 7/25 [goblin (1)]
  2658 | D:3      | HP: 5/25 [river rat (4)]
  2660 | D:3      | Reached skill level 4 in Hexes
  2699 | D:3      | HP: 7/25 [giant cockroach (1)]
  2961 | D:3      | Reached skill level 4 in Crossbows
  2982 | D:3      | Reached XP level 5. HP: 29/29 MP: 4/6
  2988 | D:3      | Reached skill level 2 in Short Blades
  3729 | D:3      | Reached XP level 6. HP: 24/34 MP: 4/7
  3777 | D:2      | Found a snail-covered altar of Cheibriados.
  3814 | D:3      | Reached skill level 5 in Crossbows
  4086 | D:4      | Got a pair of warped gloves
  4092 | D:4      | Identified the +0 pair of gloves "Ataal" {rElec rF+ Int-5} (You found it on level 4 of the Dungeon)
  4469 | D:3      | Reached skill level 3 in Short Blades
  4675 | D:4      | Reached skill level 5 in Hexes
  4675 | D:4      | Reached XP level 7. HP: 29/38 MP: 5/8
  4868 | D:4      | Learned a level 4 spell: Cause Fear
  5048 | D:5      | Entered Level 5 of the Dungeon
  5199 | D:5      | Reached skill level 6 in Crossbows
  5403 | D:5      | Noticed Eustachio
  5432 | D:5      | HP: 8/38 [ufetubus[Eustachio] (4)]
  5432 | D:5      | HP: 3/38 [ufetubus[Eustachio] (2)]
  5432 | D:5      | Slain by an ufetubus

Vault maps used:
D:1:      dpeg_arrival_lava_altar
D:2:      nicolae_overflow_hidden_temple, first_bread
D:3:      portal_sewer_entry_e, serial_glass, glass_columns_b, glass_columns_c
D:5:      minmay_misc_feat_rows, uniq_eustachio

Skill      XL: |  1  2  3  4  5  6  7 |
---------------+----------------------+-----
Short Blades   | 1 2 3 |  3.7
Crossbows      | 3 4 5 6 |  6.0
Hexes          | 4 5 |  5.5
Fighting       | |  1.3
Dodging        | |  2.4
Spellcasting   | |  1.1

Action                   |  1- 3 |  4- 6 |  7- 9 || total
-------------------------+-------+-------+-------++-------
Melee: Dagger            |    51 |    84 |    31 ||   166
 Fire: Hand crossbow     |    16 |   104 |    33 ||   153
 Cast: Corona            |    28 |    60 |    17 ||   105
       Slow              |     4 |    11 |     7 ||    22
  Use: Scroll            |    10 |     2 |       ||    12
 Stab: Sleeping          |     3 |     1 |       ||     4
  Eat: Chunk             |    10 |    14 |     4 ||    28
Armor: Robe              |     5 |    19 |    17 ||    41
Dodge: Dodged            |    40 |   117 |    79 ||   236

Table legend:
 A = Turns spent in this place as a percentage of turns spent in the entire game.
 B = Non-inter-level travel turns spent in this place as a percentage of non-inter-level travel turns spent in the entire game.
 C = Inter-level travel turns spent in this place as a percentage of turns spent in this place.
 D = Turns resting spent in this place as a percentage of non-inter-level travel turns spent in this place.
 E = Turns spent auto-exploring this place as a percentage of non-inter-level travel turns spent in this place.
 F = Non-inter-level travel turns spent in this place divided by the number of levels of this place that you've seen.
                   A       B       C       D       E      F
               +-------+-------+-------+-------+-------+----------------------
         Total | 100.0 | 100.0 |   0.6 |   2.6 |   4.9 | 345.4
       Dungeon | 100.0 | 100.0 |   0.6 |   2.6 |   4.9 | 345.4
               +-------+-------+-------+-------+-------+----------------------

Vault maps used:
D:1:      dpeg_arrival_lava_altar
D:2:      nicolae_overflow_hidden_temple, first_bread
D:3:      portal_sewer_entry_e, serial_glass, glass_columns_b, glass_columns_c
D:5:      minmay_misc_feat_rows, uniq_eustachio
